 Dungeon Crawl Stone Soup version 0.19.0-19-g8c6edcc (webtiles) character file.

158 Monsterracer the Poker (level 5, -3/38 HPs)
             Began as a Merfolk Skald on Nov 13, 2016.
             Slain by Purgy (8 damage)
             ... in a sewer.
             The game lasted 00:10:29 (3440 turns).

Monsterracer the Poker (Merfolk Skald)              Turns: 3440, Time: 00:10:30

Health: -3/38      AC:  4    Str: 12    XL:     5   Next: 40%
Magic:  1/8        EV: 11    Int: 13    God:
Gold:   102        SH:  0    Dex: 13    Spells: 4 memorised, 1 level left

rFire  . . .     SeeInvis .     a - +0 spear
rCold  . . .     Gourm    .     b - +0 leather armour
rNeg   + . .     Faith    .     (no shield)
rPois  .         Spirit   .     (no helmet)
rElec  .         Reflect  .     j - +0 cloak
rCorr  .         Harm     .     (no gloves)
MR     .....                    (no boots)
Stlth  +.........               (no amulet)
                                (no ring)
                                p - ring of positive energy

@: no status effects
A: change form in water, swift swim, stealthy swim
a: no special abilities


You were in a sewer.
You were near starving.

You visited 1 branch of the dungeon, and saw 3 of its levels.
You also visited: Sewer.

You collected 102 gold pieces.

Inventory:

Hand Weapons
 a - a +0 spear (weapon)
Armour
 b - a +0 leather armour (worn)
 j - a +0 cloak (worn)
 r - a +0 pair of gloves
Jewellery
 p - a ring of positive energy (left hand)
Scrolls
 e - 4 scrolls of amnesia {unknown}
 f - a scroll of teleportation {unknown}
 g - a scroll of remove curse {unknown}
 h - a scroll of fog {unknown}
 i - 4 scrolls of identify {unknown}
 k - a scroll of recharging {unknown}
 m - a scroll of magic mapping {unknown}
 n - a scroll of fear {unknown}
Potions
 q - a potion of mutation {unknown}
Books
 c - a book of Battle

   Spells                             Type                      Level
   a - Infusion                       Charms                       1
   b - Shroud of Golubria             Charms/Translocation         2
   c - Song of Slaying                Charms                       2
   d - Spectral Weapon                Hexes/Charms                 3
   e - Regeneration                   Charms/Necromancy            3
 s - a book of Minor Magic

   Spells                             Type                      Level
   a - Magic Dart                     Conjuration                  1
   b - Blink                          Translocation                2
   c - Call Imp                       Summoning                    2
   d - Repel Missiles                 Charms/Air                   2
   e - Slow                           Hexes                        2
   f - Conjure Flame                  Conjuration/Fire             3
   g - Mephitic Cloud                 Conjuration/Poison/Air       3
Comestibles
 d - a bread ration
 l - 2 meat rations
 o - a beef jerky


   Skills:
 - Level 2.1 Fighting
 * Level 6.1 Polearms
 - Level 0.6 Armour
 - Level 1.3 Dodging
 + Level 2.5 Spellcasting
 * Level 4.5 Charms


You had one spell level left.
You knew the following spells:

 Your Spells              Type           Power        Failure   Level  Hunger
a - Infusion              Chrm           ##..         6%          1    #......
b - Song of Slaying       Chrm           ##......     10%         2    ###....
c - Shroud of Golubria    Chrm/Tloc      #.........   21%         2    ###....
d - Regeneration          Chrm/Necr      #.........   41%         3    ###....


Dungeon Overview and Level Annotations

Branches:
Dungeon (3/15)

Altars:
The Shining One

Annotations:
Sewer Purgy


Message History

You hit Purgy.
Purgy is almost dead.
Your skin stops crawling.
Purgy misses you. Purgy claws you but does no damage. Purgy misses you.
You hit Purgy.
Purgy is almost dead.
Purgy bites you.
Your shroud bends Purgy's attack away.
Purgy claws you but does no damage.
You barely miss Purgy.
Purgy is almost dead.
Your shroud begins to fray at the edges.
Purgy bites you!
* * * LOW HITPOINT WARNING * * *
Your shroud falls apart!
Purgy closely misses you. x2
You are too injured to fight recklessly!
You closely miss Purgy.
Purgy is almost dead.
Purgy bites you!
You die...

#.≈≈≈.#
+.≈≈≈.+
#.≈≈≈.#
####.≈≈≈.####
#∩....∩..'..#
####.≈≈≈.####
####.≈≈≈.####
#?.T.≈≈≈.)..#
#@≈≈≈.####
####.≈≈≈.####
#..'.≈≈≈.'..#
####.≈≈≈.####
####.≈≈≈.####
#..'.≈≈≈.'..#
#############
#≈≈≈# #≈≈≈#


You could see Purgy.

Vanquished Creatures
  3 adders
  3 oozes (D:1)
  6 worms
  3 dart slugs (D:1)
  9 leopard geckos
  5 orcs (D:3)
  6 bats
  8 giant cockroaches
  7 goblins
  7 hobgoblins
  2 jackals (D:1)
  5 kobolds
  A quokka (D:3)
  2 ball pythons
  2 frilled lizards (D:2)
  11 rats
80 creatures vanquished.

Notes
Turn   | Place    | Note
-------+----------+-------------------------------------------
     0 | D:1      | Monsterracer the Merfolk Skald began the quest for the Orb.
     0 | D:1      | Reached XP level 1. HP: 16/16 MP: 3/3
     1 | D:1      | Found a runed door.
   314 | D:1      | Reached XP level 2. HP: 2/22 MP: 5/5
   318 | D:1      | Learned a level 2 spell: Song of Slaying
   321 | D:1      | Learned a level 2 spell: Shroud of Golubria
   626 | D:1      | Reached skill level 4 in Polearms
   862 | D:1      | Reached XP level 3. HP: 22/27 MP: 3/6
  1345 | D:1      | Reached skill level 5 in Polearms
  1364 | D:1      | Reached XP level 4. HP: 23/33 MP: 5/7
  2063 | D:2      | Learned a level 3 spell: Regeneration
  2458 | D:2      | Found a glowing golden altar of the Shining One.
  2738 | D:3      | Reached XP level 5. HP: 38/38 MP: 8/8
  2941 | D:3      | Reached skill level 6 in Polearms
  3120 | D:3      | Found a glowing drain.
  3131 | Sewer    | Entered a sewer
  3407 | Sewer    | Noticed Purgy
  3440 | Sewer    | Slain by Purgy

Skill      XL: |  1  2  3  4  5 |
---------------+----------------+-----
Polearms       | 4 5 6 |  6.1
Charms         | 4 |  4.5
Fighting       | |  2.1
Armour         | |  0.6
Dodging        | |  1.3
Spellcasting   | |  2.5

Action                   |  1- 3 |  4- 6 || total
-------------------------+-------+-------++-------
Melee: Spear             |    97 |   294 ||   391
 Cast: Infusion          |     3 |       ||     3
       Song of Slaying   |     3 |     3 ||     6
       Shroud of Golubri |       |    10 ||    10
       Regeneration      |       |     2 ||     2
  Use: Potion            |     5 |     5 ||    10
 Stab: Distracted        |       |     1 ||     1
       Sleeping          |       |     1 ||     1
  Eat: Chunk             |     1 |     7 ||     8
Armor: Leather armour    |    12 |    68 ||    80
Dodge: Dodged            |    40 |   175 ||   215
